 Dungeon Crawl Stone Soup version 0.22-a0-305-gd21a89c (webtiles) character file.

721 xccam the Chopper (level 8, -2/58 HPs)
             Began as a Formicid Fighter on Mar 30, 2018.
             Slain by xccam's ghost (11 damage)
             ... on level 4 of the Dungeon.
             The game lasted 00:05:18 (3534 turns).

xccam the Chopper (Formicid Fighter)                Turns: 3534, Time: 00:05:19

Health: -2/58      AC:  8    Str: 23 (24) XL:     8   Next: 2%
Magic:  8/8        EV:  9    Int:  4 (7)  God:
Gold:   152        SH: 10    Dex:  9 (10) Spells: 7/7 levels left

rFire    . . .     SeeInvis +   a - +0 war axe
rCold    . . .     Gourm    .   c - +0 shield
rNeg     . . .     Faith    .   b - +0 scale mail
rPois    +         Spirit   .   (helmet unavailable)
rElec    .         Reflect  .   (no cloak)
rCorr    .         Harm     .   o - +0 pair of gloves
MR       .....                  (no boots)
Stlth    ..........             (no amulet)
HPRegen  0.19/turn              e - ring of poison resistance
MPRegen  0.11/turn              (no ring)

@: no status effects
A: permanent stasis, dig shafts and tunnels, four strong arms, antennae 3
a: Dig, Shaft Self


You were on level 4 of the Dungeon.
You were not hungry.

You visited 1 branch of the dungeon, and saw 4 of its levels.

You collected 152 gold pieces.

Inventory:

Hand Weapons
 a - a +0 war axe (weapon)
Armour
 b - a +0 scale mail (worn)
 c - a +0 shield (worn)
 o - a +0 pair of gloves (worn)
Jewellery
 e - a ring of poison resistance (left hand)
Wands
 k - a wand of iceblast (10)
Scrolls
 h - 5 scrolls of remove curse {unknown}
 j - a scroll of fear {unknown}
 m - 4 scrolls of teleportation {unknown}
 p - 6 scrolls of identify {unknown}
Potions
 d - 2 potions of degeneration
 l - 2 potions of brilliance {unknown}
Comestibles
 f - 8 rations
 n - a chunk of flesh


   Skills:
 - Level 3.2 Fighting
 * Level 7.0 Axes
 - Level 3.2 Armour
 + Level 6.6 Shields


You had 7 spell levels left.
You didn't know any spells.

Dungeon Overview and Level Annotations

Branches:
Dungeon (4/15)
 Temple: D:4-7

Altars:
Ru

Annotations:
D:4 Pikel; xccam's ghost, novice FoFi


Innate Abilities, Weirdness & Mutations

You cannot be hasted, slowed, berserked, paralysed or teleported.
You can dig through walls and to a lower floor.
Your four strong arms can wield two-handed weapons with a shield.
You have a pair of large antennae on your head. (SInv)


Message History

You hit xccam's ghost.
Xccam's ghost is severely damaged.
You block xccam's ghost's attack.
You slash xccam's ghost!
Xccam's ghost is almost destroyed.
Xccam's ghost hits you.
* * * LOW HITPOINT WARNING * * *
You hit xccam's ghost but do no damage.
Xccam's ghost is almost destroyed.
Xccam's ghost hits you but does no damage.
Xccam's ghost hits you.
* * * LOW HITPOINT WARNING * * *
You barely miss xccam's ghost.
Xccam's ghost is almost destroyed.
Xccam's ghost barely misses you.
You hit xccam's ghost.
Xccam's ghost is almost destroyed.
Pikel says, "You'll fetch a fair price!"
Xccam's ghost hits you!
You die...

...# .#. ##.# #.# .. #.# #.#
.#{ ##.##### ..#.####.#+##
.......# (......<....#
##.###.# ####.####...hK..
...# #.# ##.##.# .....h#
.#####.#####...#.##pZ....p..
................@WKpp.......
.......###.......##po.....h.
##.##### #.##.#### p......#
##.# #.#### .....## #.# #.#
#.# #.# #.# #.# #.# #.# ##.#
#.#


You could see Pikel, 4 slaves, xccam's ghost, an orc and a water moccasin
skeleton.

Vanquished Creatures
  Sigmund (D:2)
  Menkaure (D:4)
  A bullfrog skeleton (D:4)
  2 orc wizards (D:4)
  Jessica (D:3)
  Ijyb (D:3)
  Terence (D:3)
  Natasha (thrice) (D:3)
  A hound skeleton (D:4)
  Robin (D:2)
  8 adders
  2 adder skeletons (D:4)
  2 worms (D:2)
  2 dart slugs (D:1)
  2 leopard geckos
  4 orcs (D:4)
  7 giant cockroaches
  15 goblins
  10 hobgoblins
  9 jackals
  4 quokkas
  A ball python (D:1)
  A ball python skeleton (D:4)
  7 bats
  9 frilled lizards
  6 kobolds
  10 rats
112 creatures vanquished.

Notes
Turn   | Place    | Note
-------+----------+-------------------------------------------
     0 | D:1      | xccam the Formicid Fighter began the quest for the Orb.
     0 | D:1      | Reached XP level 1. HP: 18/18 MP: 1/1
   168 | D:1      | Reached XP level 2. HP: 24/24 MP: 2/2
   470 | D:1      | Reached XP level 3. HP: 26/29 MP: 3/3
   651 | D:2      | Reached skill level 3 in Axes
   976 | D:2      | Noticed Sigmund
   987 | D:2      | Killed Sigmund
   987 | D:2      | Reached skill level 4 in Axes
   987 | D:2      | Reached skill level 5 in Shields
   987 | D:2      | Reached XP level 4. HP: 17/35 MP: 4/4
   987 | D:2      | Reached XP level 5. HP: 21/41 MP: 5/5
  1101 | D:2      | Reached XP level 6. HP: 36/47 MP: 6/6
  1219 | D:2      | Reached skill level 5 in Axes
  1287 | D:2      | Noticed Robin
  1304 | D:2      | Killed Robin
  1744 | D:3      | Noticed Ijyb
  1751 | D:3      | Killed Ijyb
  1779 | D:3      | Noticed Terence
  1793 | D:3      | Killed Terence
  1806 | D:3      | Noticed Jessica
  1811 | D:3      | Killed Jessica
  1857 | D:3      | Found a sacrificial altar of Ru.
  1881 | D:3      | Reached XP level 7. HP: 49/52 MP: 7/7
  2449 | D:3      | Noticed Natasha
  2454 | D:3      | Killed Natasha
  2454 | D:3      | Reached skill level 6 in Axes
  2673 | D:3      | Noticed Natasha
  2677 | D:3      | Killed Natasha
  2800 | D:3      | Noticed Natasha
  2808 | D:3      | Killed Natasha
  2829 | D:4      | Noticed Pikel
  3057 | D:4      | Noticed Menkaure
  3062 | D:4      | Killed Menkaure
  3127 | D:4      | Reached skill level 7 in Axes
  3342 | D:4      | Reached XP level 8. HP: 58/58 MP: 8/8
  3510 | D:4      | Noticed xccam's ghost (novice FoFi)
  3534 | D:4      | Slain by xccam's ghost

Vault maps used:
D:1:      mainiacjoe_arrival_reflecting_pool
D:2:      minmay_diamond_boxcup, minmay_hedge_maze, uniq_robin, uniq_sigmund
D:3:      nicolae_overflow_crystal_walls, grunt_decor_resistance, uniq_natasha,
          uniq_terence, uniq_jessica, uniq_ijyb
D:4:      first_ration, nicolae_qazlal_general_emergency, uniq_pikel,
          uniq_menkaure

Skill      XL: |  1  2  3  4  5  6  7 |
---------------+----------------------+-----
Shields        | 4 5 6 |  6.6
Axes           | 4 5 7 |  7.0
Fighting       | |  3.2
Armour         | |  3.2

Action                   |  1- 3 |  4- 6 |  7- 9 || total
-------------------------+-------+-------+-------++-------
Melee: War axe           |    97 |   162 |   121 ||   380
 Abil: Dig               |       |     1 |       ||     1
  Use: Potion            |     1 |       |     3 ||     4
  Eat: Chunk             |       |     4 |     5 ||     9
Armor: Scale mail        |    35 |    60 |    45 ||   140
Dodge: Dodged            |    22 |    45 |    39 ||   106
Block: Shield            |    38 |    94 |    75 ||   207

Table legend:
 A = Spawn XP
 B = Non-spawn XP
 C = Spawn XP percentage of total XP
 D = Spawn monster count
 E = Non-spawn monster count
 F = Spawn count percentage of total count
 G = Total turns spent on level
                    A         B        C        D         E        F      G
               +---------+---------+-------+---------+---------+-------+---------
         Total |       0 |    1031 |   0.0 |       0 |     112 |   0.0 |  3534
               +---------+---------+-------+---------+---------+-------+---------
           D:1 |       0 |      31 |   0.0 |       0 |      18 |   0.0 |   646
           D:2 |       0 |     359 |   0.0 |       0 |      50 |   0.0 |  1050
           D:3 |       0 |     275 |   0.0 |       0 |      22 |   0.0 |  1174
           D:4 |       0 |     366 |   0.0 |       0 |      22 |   0.0 |   664
               +---------+---------+-------+---------+---------+-------+---------
